 Dungeon Crawl Stone Soup version 0.16-a0-3338-g714714c (webtiles) character file.

1045 Minkie the Spear-Bearer (level 8, -3/52 HPs)
             Began as a Merfolk Ice Elementalist on Dec 28, 2014.
             Was an Initiate of Kikubaaqudgha.
             Slain by an orc warrior
             ... wielding a +0 hand axe
              (15 damage)
             ... on level 6 of the Dungeon.
             The game lasted 00:30:39 (6906 turns).

Minkie the Spear-Bearer (Merfolk Ice Elementalist)  Turns: 6906, Time: 00:30:40

Health: -3/52      AC:  3    Str:  9    XL:     8   Next: 25%
Magic:  2/13       EV: 12    Int: 16    God:    Kikubaaqudgha [......]
Gold:   283        SH:  3    Dex: 14    Spells: 2 memorised, 6 levels left

rFire  . . .     SeeInvis .     a - +0 spear (freeze)
rCold  . . .     Clarity  .     k - +0 robe
rNeg   . . .     SustAb   .     G - +0 buckler
rPois  .         Gourm    .     (no helmet)
rElec  .         Spirit   .     (no cloak)
rCorr  .         Warding  .     g - +0 pair of gloves
rMut   .         Stasis   .     (no boots)
MR     .....                    (no amulet)
Stlth  ++........               (no ring)
                                (no ring)

@: not resistant to hostile enchantments, unstealthy
A: change form in water, swift swim
a: Renounce Religion


You were on level 6 of the Dungeon.
You worshipped Kikubaaqudgha.
Kikubaaqudgha was noncommittal.
You were not hungry.

You visited 2 branches of the dungeon, and saw 7 of its levels.

You collected 283 gold pieces.

Inventory:

Hand weapons
 a - a +0 spear of freezing (weapon)
 w - a +0 blowgun
Missiles
 x - 5 poisoned needles
Armour
 g - a +0 pair of gloves (worn)
 k - a +0 robe (worn)
 G - a +0 buckler (worn)
Jewellery
 n - an uncursed amulet of resist mutation
Magical devices
 y - a wand of magic darts (22)
Scrolls
 d - 5 scrolls of identify {unknown}
 h - a scroll of magic mapping {unknown}
 p - 2 scrolls of enchant armour {unknown}
 q - a scroll of fog {unknown}
 r - a scroll of remove curse {unknown}
 u - a scroll of enchant weapon {unknown}
 v - 2 scrolls of fear {unknown}
 C - a scroll of random uselessness {unknown}
 D - a scroll of amnesia {unknown}
Potions
 e - a potion of cure mutation {unknown}
 f - a potion of agility {unknown}
 i - a potion of ambrosia {unknown}
 j - a potion of degeneration {unknown}
 m - 2 potions of lignification {unknown}
 s - 3 potions of curing {unknown}
 t - a potion of heal wounds {unknown}
 z - a potion of resistance {unknown}
 A - 2 potions of might {unknown}
 E - a potion of restore abilities {unknown}
 F - a potion of berserk rage {unknown}
Books
 b - a book of Frost

   Spells                             Type                      Level
   a - Freeze                         Ice                          1
   b - Throw Frost                    Conjuration/Ice              2
   c - Ozocubu's Armour               Charms/Ice                   3
   d - Throw Icicle                   Conjuration/Ice              4
   e - Summon Ice Beast               Ice/Summoning                4
   f - Condensation Shield            Ice                          4
Comestibles
 c - 7 bread rations
 l - 9 fruits
 o - 4 meat rations
 B - a chunk of flesh


   Skills:
 + Level 8.0 Polearms
 - Level 2.6 Dodging
 - Level 2.1 Stealth
 - Level 2.0 Spellcasting
 + Level 2.8 Conjurations
 + Level 7.9 Ice Magic


You had 6 spell levels left.
You knew the following spells:

 Your Spells              Type           Power        Failure   Level  Hunger
a - Freeze                Ice            ####         1%          1    #......
b - Throw Icicle          Conj/Ice       ###.....     30%         4    #####..


Dungeon Overview and Level Annotations

Branches:
Dungeon (6/15)             Temple (1/1) D:5

Altars:
Ashenzari
Cheibriados
Dithmenos
Elyvilon
Fedhas
Gozag
Kikubaaqudgha
Makhleb
Nemelex Xobeh
Okawaru
Qazlal
Ru
Sif Muna
Trog
Vehumet
Xom
Zin

Shops:
D:5 *

Annotations:
D:5 aori's ghost, experienced DDNe
D:6 Minkie's ghost, experienced TrMo


Message History

Aim: an orc, wielding a short sword and wearing a ring mail You freeze the orc.
You kill the orc!
Kikubaaqudgha accepts your kill. The hound closely misses you.
The hound bites you.
* * * LOW HITPOINT WARNING * * *
An orc warrior comes into view. It is wielding a hand axe.
Attack whom?
Press: ? - help, Dir - move target cursor, f - orc warrior
Aim: an orc warrior, wielding a hand axe and wearing a chain mail (hasn't noticed you)
You reach to attack!
You hit the orc warrior. You freeze the orc warrior.
The orc warrior is lightly wounded.
The hound misses you.
You hit the orc warrior. You freeze the orc warrior.
The orc warrior is moderately wounded.
The hound bites you.
* * * LOW HITPOINT WARNING * * *
The orc warrior hits you with a hand axe!
You die...
Kikubaaqudgha rasps: "You have failed me!
Welcome... death!"

W........#..#
####..#..#..# #
#..#..#..# .#
#..#..#..# .##
####^.#..#..#...
.W.W.....#..#.# #
####.......... .#
#.###.##.######o#
#..........Wh@o.#
#################


You could see an orc warrior, a hound, Minkie's ghost and an orc.

Vanquished Creatures
  A black bear (D:5)
  2 ogres (D:4)
  2 sky beasts (D:5)
  A jelly (D:5)
  A centaur zombie (D:5)
  4 hounds
  An orc priest (D:3)
  An orc wizard (D:5)
  6 worker ants (D:4)
  Ijyb (D:2)
  Jessica (D:3)
  5 adders
  A worm (D:2)
  3 adder skeletons
  A giant gecko (D:4)
  12 orcs
  14 bats
  3 giant cockroaches
  11 goblins
  11 hobgoblins
  2 ball pythons
  A giant gecko skeleton (D:5)
  5 giant newts
  8 jackals
  11 kobolds
  2 quokkas
  A quokka skeleton (D:5)
  4 rats
116 creatures vanquished.

Vanquished Creatures (others)
  A kobold (D:6)
1 creature vanquished.

Grand Total: 117 creatures vanquished

Notes
Turn   | Place    | Note
--------------------------------------------------------------
     0 | D:1      | Minkie, the Merfolk Ice Elementalist, began the quest for the Orb.
     0 | D:1      | Reached XP level 1. HP: 13/13 MP: 3/3
    17 | D:1      | You fall through a shaft!
   233 | D:2      | Reached XP level 2. HP: 19/19 MP: 1/4
   337 | D:1      | Reached skill level 4 in Ice Magic
   947 | D:1      | Reached XP level 3. HP: 24/24 MP: 6/6
  1036 | D:1      | Reached skill level 1 in Polearms
  1626 | D:2      | Reached XP level 4. HP: 22/30 MP: 2/7
  1759 | D:2      | Noticed Ijyb
  1777 | D:2      | Killed Ijyb
  1777 | D:2      | Reached skill level 5 in Ice Magic
  2040 | D:2      | Found a shadowy altar of Dithmenos.
  2832 | D:3      | Reached XP level 5. HP: 22/35 MP: 9/9
  3039 | D:3      | Noticed Jessica
  3046 | D:3      | Killed Jessica
  3587 | D:4      | Noticed an ogre
  3596 | D:4      | Killed an ogre
  3596 | D:4      | Reached skill level 5 in Polearms
  3596 | D:4      | Reached skill level 6 in Ice Magic
  3596 | D:4      | Reached XP level 6. HP: 11/41 MP: 2/10
  4020 | D:4      | Noticed an ogre
  4060 | D:4      | Killed an ogre
  4345 | D:4      | Reached XP level 7. HP: 46/46 MP: 10/12
  4366 | D:4      | Learned a level 4 spell: Throw Icicle
  4634 | D:4      | Reached skill level 1 in Conjurations
  4644 | D:4      | Found a blossoming altar of Fedhas.
  4646 | D:4      | Found a snail-covered altar of Cheibriados.
  4692 | D:4      | Found a deep blue altar of Sif Muna.
  4692 | D:4      | Found a glowing silver altar of Zin.
  4693 | D:4      | Found a shimmering altar of Xom.
  4837 | D:4      | Reached skill level 7 in Ice Magic
  5018 | D:5      | Entered Level 5 of the Dungeon
  5018 | D:5      | Noticed aori's ghost (experienced DDNe)
  5641 | D:5      | Found a staircase to the Ecumenical Temple.
  5671 | Temple   | Entered the Ecumenical Temple
  5703 | Temple   | Became a worshipper of Kikubaaqudgha
  6033 | D:5      | Reached XP level 8. HP: 11/52 MP: 10/13
  6614 | D:5      | Found Fuyskocw's Assorted Antiques.
  6854 | D:6      | Reached skill level 8 in Polearms
  6855 | D:6      | Noticed Minkie's ghost (experienced TrMo)
  6906 | D:6      | Slain by an orc warrior

Action                   |  1- 3 |  4- 6 |  7- 9 || total
-------------------------+-------+-------+-------++-------
Melee: Unarmed           |    10 |       |       ||    10
       Short sword       |     9 |       |       ||     9
       Spear             |    27 |    92 |    90 ||   209
 Fire: Blowgun           |       |    11 |    27 ||    38
 Cast: Freeze            |    40 |    51 |    45 ||   136
 Stab: Sleeping          |     6 |     6 |    11 ||    23
       Distracted        |       |       |     1 ||     1
  Eat: Chunk             |     3 |     9 |     9 ||    21
